 Dungeon Crawl Stone Soup version 0.30-a0-1160-g6e42c06551 (webtiles) character file.

Game seed: 4869084978831913342

147 zazu2006 the Magician (level 5, -6/42 HPs)
             Began as a Naga Hedge Wizard on Apr 25, 2023.
             Mangled by a gnoll
             ... wielding a +0 spear
              (9 damage)
             ... on level 3 of the Dungeon.
             The game lasted 00:05:23 (2757 turns).

zazu2006 the Magician (Naga Hedge Wizard)           Turns: 2757, Time: 00:05:23

Health: -6/42      AC:  3    Str: 12    XL:     5   Next: 29%
Magic:  0/11       EV: 10    Int: 17    God:
Gold:   129        SH:  0    Dex: 10    Spells: 6/12 levels left

rFire   . . .        a - +0 dagger
rCold   . . .        (no shield)
rNeg    . . .        b - +0 robe
rPois   +            c - +0 hat
rElec   .            m - +0 cloak
rCorr   .            (no gloves)
SInv    +            (no barding)
Will    .....        (no amulet)
Stlth   ++           h - ring of flight
HPRegen 0.27/turn    (no ring)
MPRegen 0.12/turn

%: no passive effects
@: flying, very slightly contaminated, very slow
A: AC +1, large, see invisible, deformed body, poison resistance, slowness 2,
spit poison 1, naga tail 1, wild magic 1, inability to drink after injury 1
a: Spit Poison


You were on level 3 of the Dungeon.
You visited 1 branch of the dungeon, and saw 3 of its levels.

You collected 129 gold pieces.

Inventory:

Hand Weapons
 a - a +0 dagger (weapon)
Armour
 b - a +0 robe (worn)
 c - a +0 hat (worn)
 m - a +0 cloak (worn)
Jewellery
 h - a ring of flight (left hand)
Scrolls
 e - a scroll of noise {unknown}
 i - a scroll of identify
 n - 4 scrolls of teleportation
 o - a scroll of fog
Potions
 d - a potion of magic
 f - a potion of haste {unknown}
 g - a potion of attraction {unknown}
 j - a potion of experience {unknown}
 k - 2 potions of mutation
 l - a potion of curing


   Skills:
 + Level 0.3 Fighting
 + Level 1.9 Dodging
 + Level 3.7 Stealth
 + Level 4.1 Spellcasting
 + Level 2.7 Conjurations
 + Level 1.0 Summonings
 + Level 1.0 Translocations
 * Level 2.0 Poison Magic


You had 6 spell levels left.
You knew the following spells:

 Your Spells              Type           Power      Damage    Failure   Level
a - Magic Dart            Conj           64%        1d6       8%          1
b - Mephitic Cloud        Conj/Pois/Air  11%        N/A       32%         3
d - Blink                 Tloc           18%        N/A       22%         2

Your spell library contained the following spells:

 Spells                   Type           Power      Damage    Failure   Level
 Slow                     Hex            16%        N/A       22%         1
 Call Imp                 Summ           18%        N/A       22%         2
 Cigotuvi's Dreadful Rot  Necr/Pois/Air  14%        N/A       26%         2


Dungeon Overview and Level Annotations

Branches:
Dungeon (3/15)

Altars:

Portals:
Abyss: D:3

Annotations:
D:3 2 transporters, Darkkill's ghost, amateur MiHu


Innate Abilities, Weirdness & Mutations

Your serpentine skin is tough. (AC +1)
You have supernaturally acute eyesight. (SInv)
Armour fits poorly on your strangely shaped body.
Your system is resistant to poisons. (rPois)
You cover ground very slowly.
You can spit poison.
You have a snake-like lower body.
Your spells are a little harder to cast, but a little more powerful.
You occasionally lose the ability to drink potions when taking damage.


Message History

[Y]es or [N]o only, please.
The spell is quite dangerous to miscast (32% risk of failure)!
Continue anyway?
Aiming: Mephitic Cloud (quite dangerous; 32% risk of failure)
Press: ? - help, Shift-Dir - straight line, f/p - gnoll
Aim: a gnoll, wielding a +0 flail (severely wounded, chance to affect: 91%)
You miscast Mephitic Cloud.
You feel incredibly sick. You resist.
* * * LOW HITPOINT WARNING * * *
The gnoll hits you with a +0 spear.
* * * LOW HITPOINT WARNING * * *
Unknown command.
Unknown command.
Casting: Mephitic Cloud (quite dangerous; 32% risk of failure)
Confirm with . or Enter, or press ? or * to list all spells.
The spell is quite dangerous to miscast (32% risk of failure)!
Continue anyway? [Y]es or [N]o only, please.
The spell is quite dangerous to miscast (32% risk of failure)!
Continue anyway?
Aiming: Mephitic Cloud (quite dangerous; 32% risk of failure)
Press: ? - help, Shift-Dir - straight line, f/p - gnoll
Aim: a gnoll, wielding a +0 flail (severely wounded, chance to affect: 91%)
You miscast Mephitic Cloud.
Nothing appears to happen.
The gnoll closely misses you.
Unknown command.
Unknown command.
You cannot drink potions in your current state!
Unknown command.
You cannot drink potions in your current state!
Unknown command.
As you read the scroll labelled ZENEZX WIUPS, it crumbles to dust.
It is a scroll of identify.
o - a scroll of fog You can drink potions again.
The gnoll hits you but does no damage.
As you read the scroll of identify, it crumbles to dust.
p - a scroll of poison The gnoll closely misses you.
The air fills with toxic fumes!
As you read the scroll of poison, it crumbles to dust.
You feel stable enough to blink again. The gnoll hits you with a +0 spear!
You die...

.### ∩..# ......#..#####.# .#
.©. #§§§§§.>...##.# ### ###
##§§§§.....##.# #. ##©#
W#§§§#.#...##.# ## ##..##
####§§§#.##.###.##
.###....####§§§§§§#.##.# #.>#
.........§§§§§§§§§#.##.####.##
........†§§§§§§§§§#...#......#
.....##...######@#####.####..#
###.####....# #g# #.# #..#
.gg....####.# #g# #.####..#
g#####.# #)# #§# ###.......#
.# #.# #.# #§# #...#####.# g#
#.# #.# #§# #.#.# #.# .# #.#
#.# #§###.#.# #†# .#####.#
#.####§§.#.#.# #.# .......#
#............# #.#


You could see 2 gnolls.

Vanquished Creatures
  A hound (D:3)
  A hound skeleton (D:3)
  An adder (D:2)
  2 gnolls (D:3)
  2 worms (D:3)
  5 dart slugs
  4 orcs (D:3)
  2 endoplasms
  A giant cockroach (D:3)
  5 hobgoblins
  4 jackals (D:1)
  5 ball pythons
  4 bats
  A frilled lizard (D:1)
  A giant cockroach zombie (D:3)
  8 goblins
  2 kobolds
  8 rats
57 creatures vanquished.

Vanquished Creatures (others)
  2 withered plants (D:3)
2 creatures vanquished.

Grand Total: 59 creatures vanquished

Notes
Turn   | Place    | Note
-------+----------+-------------------------------------------
     0 | D:1      | zazu2006 the Naga Hedge Wizard began the quest for the Orb.
     0 | D:1      | Reached XP level 1. HP: 15/15 MP: 4/4
   168 | D:1      | Reached XP level 2. HP: 19/22 MP: 1/6
   253 | D:1      | Found a faded altar of an unknown god.
   789 | D:1      | Reached XP level 3. HP: 28/28 MP: 6/8
   793 | D:1      | Learned a level 3 spell: Mephitic Cloud
   796 | D:1      | Learned a level 2 spell: Blink
  1850 | D:3      | Reached skill level 1 in Poison Magic
  1850 | D:3      | Reached XP level 4. HP: 27/36 MP: 4/9
  2104 | D:3      | Found a transporter.
  2157 | D:3      | Reached skill level 4 in Spellcasting
  2317 | D:3      | Found a transporter.
  2375 | D:3      | Found a one-way gate to the infinite horrors of the Abyss.
  2375 | D:3      | Noticed Darkkill's ghost (amateur MiHu)
  2376 | D:3      | Noticed a small abomination
  2379 | D:3      | Noticed a small abomination
  2398 | D:3      | Reached XP level 5. HP: 42/42 MP: 7/11
  2747 | D:3      | Gained mutation: You occasionally lose the ability to drink
                  | potions when taking damage. [potion of mutation]
  2747 | D:3      | Gained mutation: Your spells are a little harder to cast,
                  | but a little more powerful. [potion of mutation]
  2753 | D:3      | HP: 2/42 [gnoll/+0 spear (1)]
  2757 | D:3      | Mangled by a gnoll

Illustrated notes

Levels and vault maps discovered:
D:1:      heliophobic_arrival_dark_side_of_the_moon, layout_basic,
          hellmonk_ecumenical_altar_defaced_shrine, minivault_4, minmay_unequal
D:2:      layout_rooms
D:3:      layout_loops_ring, serial_undead, serial_undead_e, serial_undead_e,
          serial_undead_c, serial_undead_e, serial_undead_a,
          gammafunk_ghost_abyssal_escape

Skill      XL: |  1  2  3  4  5 |
---------------+----------------+-----
Conjurations   | 2 |  2.7
Poison Magic   | 1 2 |  2.0
Spellcasting   | 4 |  4.1
Fighting       | |  0.3
Dodging        | |  1.9
Stealth        | |  3.7
Summonings     | |  1.0
Translocations | |  1.0

Action                     |  1- 3 |  4- 6 || total
---------------------------+-------+-------++-------
  Melee: Dagger            |     2 |    32 ||    34
         Punch             |       |     1 ||     1
   Cast: Magic Dart        |    88 |    61 ||   149
         Mephitic Cloud    |       |     2 ||     2
         Blink             |       |     1 ||     1
Ability: Spit Poison       |    13 |    10 ||    23
    Use: Potion            |       |     4 ||     4
         Scroll            |       |     3 ||     3
 Armour: Robe              |    13 |    15 ||    28
  Dodge: Dodged            |    20 |    41 ||    61

Table legend: (Time is in decaauts)
 A = Elapsed time spent in this place.
 B = Non-inter-level travel time spent in this place.
 C = Inter-level travel time spent in this place.
 D = Time resting spent in this place.
 E = Time spent auto-exploring this place.
 F = Levels seen in this place.
 G = Mean time per level.
                   A        B        C        D        E       F      G
               +--------+--------+--------+--------+--------+-----+--------+
         Total |   3250 |   3227 |     23 |      5 |   2752 |   3 | 1083.3 |
       Dungeon |   3250 |   3227 |     23 |      5 |   2752 |   3 | 1083.3 |
               +--------+--------+--------+--------+--------+-----+--------+

Top non-repeatable levels by time:
     D:1: 1321 daAuts
     D:3: 1056 daAuts
     D:2: 872 daAuts
